 Dungeon Crawl Stone Soup version 0.27-a0-695-gb4952372f7 (webtiles) character file.

Game seed: 7184519342335472390

3235 spiderkeys the Spear-Bearer (level 9, -5/80 HPs)
             Began as a Minotaur Berserker on Mar 22, 2021.
             Was an Elder of Trog.
             Slain by a centaur
             ... wielding a +1 dagger of distortion
              (21 damage)
             ... on level 7 of the Dungeon.
             The game lasted 00:07:38 (8224 turns).

spiderkeys the Spear-Bearer (Minotaur Berserker)    Turns: 8224, Time: 00:07:38

Health: -5/80      AC: 11    Str: 27    XL:     9   Next: 66%
Magic:  8/8        EV: 19    Int:  4    God:    Trog [****..]
Gold:   244        SH: 11    Dex: 11    Spells: 8/8 levels left

rFire    . . .     SeeInvis .   F - +0 trident
rCold    . . .     Faith    +   i - +0 kite shield
rNeg     . . .     Spirit   .   s - +0 ring mail
rPois    .         Reflect  .   (helmet restricted)
rElec    .         Harm     .   x - +0 cloak
rCorr    .         Rampage  .   r - +2 pair of gloves {Str+3}
Will     .....                  (no boots)
Stlth    +.........             u - amulet of faith
HPRegen  0.23/turn              n - +4 ring of evasion
MPRegen  0.11/turn              D - +4 ring of evasion

@: berserk cooldown
A: horns 2, retaliatory headbutt
a: Renounce Religion, Berserk, Trog's Hand, Brothers in Arms


You were on level 7 of the Dungeon.
You worshipped Trog.
Trog was greatly pleased with you.
You visited 1 branch of the dungeon, and saw 7 of its levels.

You collected 244 gold pieces.

Inventory:

Hand Weapons
 F - a +0 trident (weapon)
Missiles
 B - a throwing net
Armour
 i - a +0 kite shield (worn)
 r - a +2 pair of gloves of strength (worn)
 s - a +0 ring mail (worn)
 x - a +0 cloak (worn)
Jewellery
 n - a +4 ring of evasion (right hand)
 u - an amulet of faith (around neck)
 D - a +4 ring of evasion (left hand)
Wands
 k - a wand of charming (10)
 v - a wand of acid (8)
 y - a wand of digging (9)
 C - a wand of mindburst (18)
Scrolls
 a - a scroll of identify
 b - a scroll of fog {unknown}
 c - a scroll of brand weapon {unknown}
 d - 2 scrolls of immolation {unknown}
 e - 5 scrolls of teleportation {unknown}
 g - 4 scrolls of magic mapping {unknown}
 m - 2 scrolls of enchant weapon {unknown}
 w - a scroll of vulnerability
 A - a scroll of silence {unknown}
Potions
 f - 3 potions of flight
 h - a potion of magic {unknown}
 j - 6 potions of mutation
 l - 2 potions of curing
 p - 2 potions of attraction {unknown}
 t - a potion of invisibility
 z - a potion of ambrosia {unknown}
 E - a potion of brilliance {unknown}
 G - a potion of cancellation {unknown}


   Skills:
 + Level 7.7 Fighting
 * Level 10.2 Polearms
 + Level 7.1 Armour
 + Level 6.3 Dodging
 + Level 6.3 Shields


You had 8 spell levels left.
You didn't know any spells.
Your spell library contained the following spells:

 Spells                   Type           Power      Damage    Failure   Level
 Animate Skeleton         Necr           0%         N/A       94%         1
 Apportation              Tloc           0%         N/A       94%         1
 Beastly Appendage        Tmut           0%         N/A       94%         1
 Corona                   Hex            0%         N/A       94%         1
 Pain                     Necr           0%         1d4       94%         1
 Summon Small Mammal      Summ           0%         N/A       94%         1
 Wereblood                Tmut           0%         N/A       98%         2
 Spider Form              Tmut/Pois      0%         N/A       100%        3
 Vampiric Draining        Necr           0%         2d6       100%        3
 Animate Dead             Necr           0%         N/A       100%        4
 Ice Form                 Ice/Tmut       0%         N/A       100%        4
 Agony                    Necr           0%         N/A       100%        5
 Blade Hands              Tmut           0%         N/A       100%        5


Dungeon Overview and Level Annotations

Branches:
Dungeon (7/15)             Temple (0/1) D:4

Altars:
Cheibriados
Gozag
Hepliaklqana
Nemelex Xobeh
Qazlal
Trog
Uskayaw
Xom
Yredelemnul


Innate Abilities, Weirdness & Mutations

You have a pair of horns on your head.
You reflexively headbutt those who attack you in melee.


Message History

You block the steam dragon's attack.
The steam dragon claws you but does no damage.
You barely miss the steam dragon. You headbutt the steam dragon.
You kill the steam dragon!
Trog accepts your kill.
You are engulfed in a cloud of scalding steam.
The centaur shoots an arrow.
You block the arrow.
The centaur shoots an arrow.
You block the arrow.
Your Armour skill increases to level 7!
The centaur unwields a +0 shortbow.
The centaur wields a +0 broad axe.
The centaur hits you but does no damage.
You completely miss the centaur.
A centaur comes into view.
It is wielding a +1 dagger of distortion.
The centaur unwields a +1 dagger of distortion.
Its appearance distorts for a moment.
The centaur wields a +0 shortbow.
The centaur shoots an arrow.
The arrow misses you. The centaur barely misses you. You furiously retaliate!
You headbutt the centaur! You puncture the centaur!
The centaur is almost dead.
The centaur shoots an arrow.
The arrow closely misses you. You block the centaur's attack.
You barely miss the centaur. You headbutt the centaur.
You kill the centaur!
Trog accepts your kill.
The centaur shoots an arrow.
The arrow hits you.
* * * LOW HITPOINT WARNING * * *
The centaur unwields a +0 shortbow.
The centaur wields a +1 dagger of distortion.
Its appearance distorts for a moment.
The centaur hits you with a +1 dagger of distortion.
* * * LOW HITPOINT WARNING * * *
Space bends around you.
* * * LOW HITPOINT WARNING * * *
The centaur completely misses you.
You hit the centaur. You headbutt the centaur.
The centaur is lightly wounded.
The centaur hits you but does no damage.
Space warps horribly around you!!
You die...

.#..##.#..##.#.##.# ###........#
.#..##.#..## #.##.###..........##
#. #..####.###..#..##.....###....
#.##.## #.#§##..#.....8..._...8.
.#..## #.#.#§##.....#))...)..)..
#.### #.#§#.#.##......8....)..8.
[})## #.#§#.#.#.#................
$.(!##.#§#D#.#)##......8.......8.
†).[.§#.#§#.#.#c@)...............
(.$c##.#.#.#.#.##.............###
[[$##.#(#.#.#.# #........######
#)####.#.#c#.# ##..._.####
)c..###.#.#.# ##......# ...##
##.#.# ##.)....## #.## ###.#
#))).#### #.# . #..### c.. #..#


You could see a centaur.

Vanquished Creatures
  An unseen horror (D:7)
  A troll (D:7)
  The ghost of CurlyBrace the Skirmisher, an amateur FeEE (D:6)
  Menkaure (D:5)
  A steam dragon (D:7)
  A water moccasin (D:7)
  2 ice beasts
  A black bear (D:7)
  4 ogres
  5 centaurs (D:7)
  2 phantoms
  2 bullfrogs
  A wyvern skeleton (D:6)
  2 scorpions
  An electric eel (D:7)
  5 wights (D:7)
  2 centaur zombies
  A jelly (D:5)
  An orc priest (D:3)
  A hound (D:7)
  3 iguanas
  Natasha (thrice) (D:4)
  3 worker ants
  A howler monkey zombie (D:5)
  9 adders
  3 gnolls (D:4)
  A shadow imp (D:7)
  A white imp (D:6)
  An ufetubus (D:5)
  An ooze (D:5)
  An adder zombie (D:5)
  2 worms (D:2)
  A dart slug (D:2)
  4 leopard geckos
  5 orcs
  A ball python (D:6)
  A giant cockroach (D:1)
  2 goblins (D:2)
  9 hobgoblins
  11 jackals
  7 kobolds
  A quokka (D:2)
  A ball python zombie (D:5)
  8 bats
  5 frilled lizards
  A leopard gecko skeleton (D:5)
  10 rats
132 creatures vanquished.

Vanquished Creatures (others)
  24 plants (D:7)
24 creatures vanquished.

Grand Total: 156 creatures vanquished

Notes
Turn   | Place    | Note
-------+----------+-------------------------------------------
     0 | D:1      | spiderkeys the Minotaur Berserker began the quest for the
                  | Orb.
     0 | D:1      | Reached XP level 1. HP: 19/19 MP: 0/0
   148 | D:1      | Reached XP level 2. HP: 27/27 MP: 1/1
   162 | D:1      | Reached skill level 4 in Polearms
   302 | D:1      | Found a sparkling altar of Nemelex Xobeh.
   854 | D:2      | Reached XP level 3. HP: 26/33 MP: 2/2
  1021 | D:2      | Reached ** piety under Trog
  1326 | D:2      | Reached skill level 1 in Shields
  1326 | D:2      | Reached XP level 4. HP: 25/40 MP: 3/3
  1636 | D:2      | Found a bloodstained altar of Trog.
  2076 | D:3      | Reached skill level 5 in Polearms
  2352 | D:3      | Found a basalt altar of Yredelemnul.
  2975 | D:3      | Found a stormy altar of Qazlal.
  2975 | D:3      | Found a shimmering altar of Xom.
  3279 | D:4      | Reached XP level 5. HP: 43/47 MP: 4/4
  3629 | D:4      | Found a staircase to the Ecumenical Temple.
  4188 | D:4      | Noticed Natasha
  4207 | D:4      | Killed Natasha
  4710 | D:4      | Noticed Natasha
  4722 | D:4      | Killed Natasha
  4723 | D:4      | Reached XP level 6. HP: 49/55 MP: 5/5
  4838 | D:4      | Noticed Natasha
  4846 | D:4      | Killed Natasha
  5017 | D:4      | Identified a scroll of acquirement
  5018 | D:4      | Acquired a +2 pair of gloves of strength
  5054 | D:5      | Entered Level 5 of the Dungeon
  5087 | D:5      | Reached skill level 5 in Fighting
  5087 | D:5      | Reached skill level 6 in Polearms
  5196 | D:5      | Found a hazy altar of Hepliaklqana.
  5227 | D:5      | Noticed Menkaure
  5234 | D:5      | Killed Menkaure
  5235 | D:5      | Reached XP level 7. HP: 61/61 MP: 6/6
  5616 | D:5      | Reached *** piety under Trog
  5685 | D:5      | Reached skill level 7 in Polearms
  6858 | D:6      | Reached skill level 5 in Armour
  6858 | D:6      | Reached XP level 8. HP: 70/70 MP: 7/7
  6889 | D:6      | Found a snail-covered altar of Cheibriados.
  6889 | D:6      | Noticed a torpor snail
  6891 | D:6      | Noticed a torpor snail
  6892 | D:6      | Noticed a torpor snail
  6960 | D:6      | Found a runed translucent gate.
  6960 | D:6      | Found a runed translucent gate.
  6960 | D:6      | Found a runed translucent gate.
  6960 | D:6      | Noticed CurlyBrace's ghost (amateur FeEE)
  6978 | D:6      | Killed CurlyBrace's ghost
  7338 | D:7      | Reached skill level 8 in Polearms
  7357 | D:7      | Reached skill level 5 in Dodging
  7570 | D:7      | Found an opulent altar of Gozag.
  7584 | D:7      | Found a hide-covered altar of Uskayaw.
  7953 | D:7      | Reached skill level 5 in Shields
  8050 | D:7      | Reached skill level 9 in Polearms
  8057 | D:7      | Reached XP level 9. HP: 69/78 MP: 8/8
  8129 | D:7      | Reached **** piety under Trog
  8144 | D:7      | Noticed a troll
  8160 | D:7      | Killed a troll
  8172 | D:7      | Killed an unseen horror
  8173 | D:7      | Reached skill level 10 in Polearms
  8224 | D:7      | Slain by a centaur

Illustrated notes

Levels and vault maps discovered:
D:1:      dpeg_arrival_shrine, layout_basic, nemelex_diamond_rough_becter
D:2:      layout_rooms, lemuel_coloured_pillars_altar
D:3:      layout_loops_corners, lemuel_crystal_altar,
          gammafunk_temple_overflow_statue, minmay_crystal_water
D:4:      mumra_celtic_spiral_tile, layout_loops_ring,
          minmay_temple_entry_waves, uniq_natasha
D:5:      layout_loops_ring, overflow_temple_1_default, grunt_ministairs_10,
          kennysheep_dice, uniq_menkaure
D:6:      layout_basic, cheibriados_altar_2, ebering_ghost_rock_garden
D:7:      minmay_the_grid_octo_tiled_squarecenter
          [minmay_the_grid_octo_clover_2, minmay_the_grid_octo_77,
          minmay_the_grid_octo_checkerflower, minmay_the_grid_octo_checkered,
          minmay_the_grid_square_5x5_megaprize_hollow,
          minmay_the_grid_square_5x5_seven, minmay_the_grid_square_5x5_inset,
          minmay_the_grid_square_5x5_tri_point,
          minmay_the_grid_square_5x5_intrusive_squares], layout_rooms,
          nicolae_gozag_seed_capital, eat_drink_and_be_merry_uskayaw,
          serial_bayou, serial_bayou_pond_d, serial_bayou_pond_d,
          serial_bayou_pond_a, serial_bayou_lake_a

Skill      XL: |  1  2  3  4  5  6  7  8  9 |
---------------+----------------------------+-----
Polearms       | 4 5 6 7 9 10 | 10.2
Fighting       | 4 5 6 7 |  7.7
Armour         | 3 4 5 6 7 |  7.1
Shields        | 1 2 3 4 5 6 |  6.3
Dodging        | 3 4 5 6 |  6.3

Action                   |  1- 3 |  4- 6 |  7- 9 || total
-------------------------+-------+-------+-------++-------
Melee: Spear             |   105 |   156 |   148 ||   409
       Headbutt          |    14 |    29 |    41 ||    84
       Trident           |       |       |    80 ||    80
Invok: Berserk           |     1 |     2 |     4 ||     7
  Use: Scroll            |       |     8 |     1 ||     9
       Potion            |       |       |     2 ||     2
 Stab: Sleeping          |       |     1 |       ||     1
Armor: Animal skin       |    15 |     1 |       ||    16
       Ring mail         |       |    14 |    35 ||    49
Dodge: Dodged            |    43 |    59 |   109 ||   211
Block: Kite shield       |    29 |    39 |    96 ||   164

Table legend: (Time is in decaauts)
 A = Elapsed time spent in this place.
 B = Non-inter-level travel time spent in this place.
 C = Inter-level travel time spent in this place.
 D = Time resting spent in this place.
 E = Time spent auto-exploring this place.
 F = Levels seen in this place.
 G = Mean time per level.
                   A        B        C        D        E       F      G
               +--------+--------+--------+--------+--------+-----+--------+
         Total |   8318 |   7925 |    393 |   1751 |   5240 |   7 | 1188.3 |
       Dungeon |   8318 |   7925 |    393 |   1751 |   5240 |   7 | 1188.3 |
               +--------+--------+--------+--------+--------+-----+--------+

Top non-repeatable levels by time:
     D:4: 1816 daAuts
     D:5: 1519 daAuts
     D:3: 1395 daAuts
     D:2: 1055 daAuts
     D:7: 911 daAuts
     D:1: 841 daAuts
     D:6: 777 daAuts
